Map: Blueshift LE

Players

liquidthermy (uThermal) - Winner!

  • Race: Terran Terran
  • League: Master
  • Spawn Location: 1:00

LiquidSnute (Snute)

  • Race: Zerg Zerg
  • Spawn Location: 7:00

Event: IEM Season 13 - Katowice Server Qualifiers Europe

VOD

Have the link to the VOD?

Description

Time

  • Played on: Jan. 8, 2019, 10:07 a.m.
  • Length: 4:11

All games in this series

Show
View Real Time Build Order
Export as new Build Order

liquidthermy Terran - Winner!

Build Orders: Gas First Reaper Expand, Hellion Opening 

Get SALT Encoding   

  12  0:01  SCV  
  13  0:13  SCV  
  14  0:17  Supply Depot  
  14  0:26  SCV  
  14  0:27  Refinery  
  15  0:38  SCV  
  16  0:44  Barracks  
  16  0:50  SCV  
  17  1:02  SCV  
  18  1:14  SCV  
  19  1:31  Reaper, Orbital Command  
  20  1:42  Command Center  
  20  1:54  Factory  
  20  1:57  SCV  
  21  2:05  Barracks Reactor  
  21  2:09  SCV  
  21  2:13  Supply Depot  
  22  2:21  Refinery, SCV  
  22  2:33  SCV  
  23  2:43  Starport  
  23  2:47  Hellion x2  
  23  2:48  SCV  
  28  2:56  Orbital Command  
  28  3:00  SCV  
  28  3:03  Barracks Tech Lab  
  29  3:09  Hellion  
  29  3:11  Hellion  
  33  3:15  SCV  
  34  3:24  SCV  
  35  3:32  Hellion  
  35  3:33  Hellion  
  42  3:42  SCV  
  42  3:44  SCV  
  42  3:48  Supply Depot  
  44  3:54  SCV  
  45  3:56  SCV  
Show
View Real Time Build Order
Export as new Build Order

LiquidSnute Zerg 

Build Orders: Pool First 

Get SALT Encoding   

  12  0:00  Drone  
  13  0:12  Overlord  
  13  0:16  Drone  
  14  0:30  Drone x2  
  14  0:34  Drone  
  17  0:43  Spawning Pool  
  17  0:47  Drone  
  17  1:09  Hatchery  
  17  1:11  Drone  
  17  1:13  Drone  
  18  1:18  Drone  
  18  1:19  Extractor  
  18  1:29  Queen  
  18  1:32  Zergling x2  
  21  1:39  Overlord  
  21  1:49  Drone  
  22  2:00  Drone  
  23  2:05  Queen  
  25  2:11  Drone  
  26  2:18  Roach Warren  
  25  2:23  Drone x2  
  27  2:32  Metabolic Boost  
  27  2:33  Drone  
  27  2:34  Drone  
  29  2:38  Drone x2  
  29  2:39  Drone  
  29  2:43  Extractor  
  31  2:44  Drone  
  31  2:50  Drone  
  34  2:54  Drone  
  35  3:01  Spore Crawler  
  35  3:02  Drone  
  35  3:07  Overlord  
  35  3:19  Hatchery  
  34  3:22  Drone x2  
  34  3:25  Spore Crawler  
  34  3:26  Drone x5  
  40  3:35  Queen, Overlord  
  40  3:38  Drone  
  43  3:51  Evolution Chamber  
  43  3:52  Drone  
  43  3:53  Evolution Chamber, Drone  
  43  3:57  Drone x3  

Tags
 
Add a new tag
Caveats
  • Supply blocks, unpowered buildings, or Contaminate may cause inaccurate times.
  • Supply counts are checked every 10 seconds.